 Dungeon Crawl Stone Soup version 0.31-a0-180-g519b7de00c (webtiles) character file.

Game seed: 18402847756181476443

235 innerfire43 the Poker (level 5, -3/42 HPs)
             Began as a Demonspawn Monk on June 19, 2023.
             Slain by Terence
             ... wielding a +1 trident of flaming
              (4 damage)
             ... on level 3 of the Dungeon.
             The game lasted 00:02:29 (2121 turns).

innerfire43 the Poker (Demonspawn Monk)             Turns: 2121, Time: 00:02:30

Health: -3/42      AC:  3    Str: 13    XL:     5   Next: 76%
Magic:  0/5        EV: 13    Int: 12    God:
Gold:   179        SH:  0    Dex: 17    Spells: 4/4 levels left

rFire   . . .        a - +0 spear
rCold   . . .        p - +2 buckler
rNeg    . . .        b - +0 robe
rPois   +            (no helmet)
rElec   .            t - +0 cloak
rCorr   .            (no gloves)
SInv    .            (no boots)
Will    .....        e - amulet of guardian spirit
Stlth   ++           o - ring of poison resistance
HPRegen 0.27/turn    (no ring)
MPRegen 0.09/turn

%: guardian spirit
@: confused, ambrosia-drunk
A: thin skeletal structure 1, demonic magic 1, demonic touch 1
a: no special abilities


You were on level 3 of the Dungeon.
You visited 1 branch of the dungeon, and saw 3 of its levels.

You collected 179 gold pieces.

Inventory:

Hand Weapons
 a - a +0 spear (weapon)
 m - a +2 scythe
Armour
 b - a +0 robe (worn)
 d - an orb of light
 p - a +2 buckler (worn)
 t - a +0 cloak (worn)
Jewellery
 e - an amulet of guardian spirit (around neck)
 f - an amulet of guardian spirit
 o - a ring of poison resistance (left hand)
Scrolls
 h - 3 scrolls of teleportation
 i - a scroll of amnesia
 j - 2 scrolls of poison
 k - a scroll of acquirement {unknown}
 r - a scroll of vulnerability {unknown}
Potions
 c - a potion of ambrosia
 g - a potion of invisibility {unknown}
 l - a potion of heal wounds {unknown}
 n - a potion of curing {unknown}
 q - a potion of attraction {unknown}
 s - a potion of haste {unknown}


   Skills:
 + Level 4.3 Fighting
 * Level 4.6 Polearms
 + Level 3.4 Dodging
 - Level 0.4 Stealth


You had 4 spell levels left.
You didn't know any spells.
Your spell library contained the following spells:

 Spells                   Type           Power      Damage    Failure   Level
 Poisonous Vapours        Pois/Air       0%         N/A       56%         2
 Mephitic Cloud           Conj/Pois/Air  0%         N/A       80%         3
 Freezing Cloud           Conj/Ice/Air   0%         6-21      100%        5


Dungeon Overview and Level Annotations

Branches:
Dungeon (3/15)

Altars:
Vehumet

Annotations:
D:3 Terence


Innate Abilities, Weirdness & Mutations

You have a somewhat thin skeletal structure. (Dex +2, Stealth+)
Spells you cast may paralyse adjacent enemies.
Your touch may inflict minor irresistible damage on your foes.


Message History

Terence burns you.
You reach to attack!
You hit Terence.
Terence is moderately wounded.
Terence hits you from afar with a +1 trident of flaming.
Terence burns you.
You reach to attack!
You hit Terence but do no damage.
Terence is moderately wounded.
Terence hits you from afar with a +1 trident of flaming!
Terence burns you.
You are too injured to fight recklessly!
You are too injured to fight recklessly!
You are too injured to fight recklessly!
You are too injured to fight recklessly!
Terence misses you.
You closely miss Terence.
Terence is moderately wounded.
You hit Terence but do no damage.
Terence is moderately wounded.
Terence closely misses you.
You hit Terence.
Terence is moderately wounded.
You block Terence's attack.
You hit Terence but do no damage.
Terence is moderately wounded.
Terence hits you with a +1 trident of flaming!
* * * LOW HITPOINT WARNING * * *
Terence burns you.
* * * LOW HITPOINT WARNING * * *
You hit Terence.
Terence is heavily wounded.
Terence hits you with a +1 trident of flaming.
* * * LOW HITPOINT WARNING * * *
Terence burns you.
* * * LOW HITPOINT WARNING * * *
You are confused.
You feel invigorated.
Terence hits you with a +1 trident of flaming!
* * * LOW HITPOINT WARNING * * *
Terence burns you.
You die...

#.#.#### #.#.... #.#....#
#.#.... #.####.# #.#....
#######.# #.# ####.#....
..†.....# #.# #.........
†.†.....# #.# #.##.##...
......).# #.# #†##..##..
........# #.#.#########.###.#
.. ........# #.#.@@........#
#.# ..
........####.###############.#
## #######.#....# #.......##.#
#.'....# #.#####.##.. ###...##
#.###.#.###. #...# #.....#.# #
# #...# #####.#.# #.## #...#
#)#.# #.#. #...# #.#.# #...


You could see Terence.

Vanquished Creatures
  Sigmund (D:2)
  4 adders
  2 dart slugs
  An orc (D:3)
  3 bats
  4 endoplasms
  2 giant cockroaches (D:1)
  4 goblins
  2 hobgoblins (D:1)
  2 kobolds
  4 quokkas
  2 ball pythons
  2 frilled lizards (D:3)
  3 rats
36 creatures vanquished.

Notes
Turn   | Place    | Note
-------+----------+-------------------------------------------
     0 | D:1      | innerfire43 the Demonspawn Monk began the quest for the
                  | Orb.
     0 | D:1      | Reached XP level 1. HP: 18/18 MP: 1/1
   105 | D:1      | Gained mutation: Spells you cast may paralyse adjacent
                  | enemies. [demonic ancestry]
   105 | D:1      | Reached XP level 2. HP: 24/24 MP: 2/2
   768 | D:2      | Gained mutation: You have a somewhat thin skeletal
                  | structure. (Dex +2, Stealth+) [demonic ancestry]
   768 | D:2      | Reached XP level 3. HP: 25/29 MP: 3/3
   906 | D:2      | Noticed Sigmund
   927 | D:2      | Killed Sigmund
   928 | D:2      | Reached XP level 4. HP: 25/37 MP: 4/4
   928 | D:2      | Gained mutation: Your touch may inflict minor irresistible
                  | damage on your foes. [demonic ancestry]
   928 | D:2      | Reached XP level 5. HP: 29/42 MP: 5/5
  2032 | D:3      | Found a radiant altar of Vehumet.
  2108 | D:3      | Noticed Terence
  2121 | D:3      | HP: 1/42 [Terence/+1 trident of flaming (8)]
  2121 | D:3      | Slain by Terence

Illustrated notes

Levels and vault maps discovered:
D:1:      dpeg_arrival_prison, layout_loops_ring
D:2:      minmay_general_purpose_star, layout_loops_ring, minmay_tiny_reverse_x,
          uniq_sigmund
D:3:      layout_basic, lemuel_crystal_altar, uniq_terence

Skill      XL: |  1  2  3 |
---------------+----------+-----
Polearms       | 3 4 |  4.6
Dodging        | 3 |  3.4
Fighting       | 4 |  4.3
Stealth        | |  0.4

Action                     |  1- 3 |  4- 6 || total
---------------------------+-------+-------++-------
  Melee: Spear             |    69 |    90 ||   159
    Use: Scroll            |       |     7 ||     7
         Potion            |       |     1 ||     1
   Stab: Sleeping          |       |     7 ||     7
 Armour: Robe              |     5 |     3 ||     8
  Dodge: Dodged            |    27 |    37 ||    64
  Block: Buckler           |       |    12 ||    12

Table legend: (Time is in decaauts)
 A = Elapsed time spent in this place.
 B = Non-inter-level travel time spent in this place.
 C = Inter-level travel time spent in this place.
 D = Time resting spent in this place.
 E = Time spent auto-exploring this place.
 F = Levels seen in this place.
 G = Mean time per level.
                   A        B        C        D        E       F      G
               +--------+--------+--------+--------+--------+-----+--------+
         Total |   2108 |   2010 |     98 |      0 |   1666 |   3 |  702.7 |
       Dungeon |   2108 |   2010 |     98 |      0 |   1666 |   3 |  702.7 |
               +--------+--------+--------+--------+--------+-----+--------+

Top non-repeatable levels by time:
     D:2: 821 daAuts
     D:1: 756 daAuts
     D:3: 530 daAuts
